| TOP OF THE 1ST |
|
Chicago (WIN) White Sox batting - Pitching for Toronto (WIN) Blue Jays : LHP Jack Osborne
|
|
Pitching: LHP Jack Osborne
|
|
|
Batting: LHB Dalton Silveira
|
0-0: Ball 1-0: Swinging Strike 1-1: Foul Ball, location: 2F 1-2: Foul Ball, location: 2F 1-2: Ground out 5-3 (Groundball, 15, EV 81.2 MPH)
|
|
Batting: LHB Justin Stickney
|
0-0: SINGLE (Flyball, 89S, EV 93.1 MPH)
|
|
Batting: SHB Ruben Velasco Jr.
|
0-0: Called Strike 0-1: Foul Ball, location: 2F 0-2: Foul Ball, location: 2F 0-2: Strikes out looking
|
|
Batting: RHB Micah Brown
|
0-0: Swinging Strike 0-1: Ball 1-1: Ball 2-1: Foul Ball, location: 2F 2-2: Strikes out swinging
|
| Top of the 1st over - 0 runs, 1 hit, 0 errors, 1 left on base; Chicago (WIN) 0 - Toronto (WIN) 0 |
| BOTTOM OF THE 1ST |
|
Toronto (WIN) Blue Jays batting - Pitching for Chicago (WIN) White Sox : LHP Mark Sharrett
|
|
Pitching: LHP Mark Sharrett
|
|
|
Batting: RHB Bobby Lasaguna
|
0-0: Called Strike 0-1: Fly out, F8 (Flyball, 89M, EV 79.4 MPH)
|
|
Batting: RHB Tokuji Kawabata
|
0-0: Ball 1-0: Fly out, F9 (Flyball, 9LS, EV 92.5 MPH)
|
|
Batting: SHB Dominik Hasek II
|
0-0: Swinging Strike 0-1: Foul Ball, location: 2F 0-2: Ball 1-2: Strikes out swinging
|
| Bottom of the 1st over - 0 runs, 0 hits, 0 errors, 0 left on base; Chicago (WIN) 0 - Toronto (WIN) 0 |
| TOP OF THE 2ND |
|
Chicago (WIN) White Sox batting - Pitching for Toronto (WIN) Blue Jays : LHP Jack Osborne
|
|
Batting: LHB Jason Bell
|
0-0: Called Strike 0-1: Ball 1-1: Ball 2-1: SINGLE (Groundball, P, EV 92.5 MPH) (infield hit)
|
|
Batting: LHB Matt Hyde
|
0-0: Fielders Choice at 2nd, 3-6 (Groundball, 3S, EV 81.9 MPH)
|
|
Batting: LHB Adam Tarbutton
|
0-0: Ball 1-0: Ball 2-0: Called Strike 2-1: Fly out, F5 (Popup, 5, EV 68.1 MPH)
|
|
Batting: LHB John Thurman
|
0-0: Ball 1-0: Ball 2-0: Foul Ball, location: 2F 2-1: Ball 3-1: Base on Balls Matt Hyde to second
|
|
Batting: SHB Matt Childers
|
0-0: Ground out 6-3 (Groundball, 6M, EV 103.1 MPH)
|
| Top of the 2nd over - 0 runs, 1 hit, 0 errors, 2 left on base; Chicago (WIN) 0 - Toronto (WIN) 0 |
| BOTTOM OF THE 2ND |
|
Toronto (WIN) Blue Jays batting - Pitching for Chicago (WIN) White Sox : LHP Mark Sharrett
|
|
Batting: RHB Bill Murray
|
0-0: SINGLE (Line Drive, 9LS, EV 89.4 MPH)
|
|
Batting: RHB Kyle Davis
|
0-0: Ball 1-0: Ball 2-0: Ball 3-0: Foul Ball, location: 2F 3-1: Foul Ball, location: 2F 3-2: Base on Balls Bill Murray to second
|
|
Batting: LHB Gabe Pace
|
0-0: Called Strike Bill Murray steals 3rd base 0-1: Swinging Strike 0-2: Ball 1-2: Strikes out swinging
|
|
Batting: RHB Chris Martin
|
0-0: Called Strike 0-1: Foul Ball, location: 2F 0-2: Ball 1-2: Ball 2-2: SINGLE (Groundball, 4MD, EV 108.8 MPH) Bill Murray scores Kyle Davis to second
|
|
Batting: RHB Stephen Casteel
|
0-0: Ball 1-0: Ball 2-0: Fielders Choice at 2nd, 6-4 (Groundball, 6, EV 84.4 MPH) Kyle Davis to third
|
|
Batting: RHB Justin Powell
|
0-0: Ball 1-0: Swinging Strike 1-1: Ball 2-1: Foul Ball, location: 2F 2-2: Strikes out swinging
|
| Bottom of the 2nd over - 1 run, 2 hits, 0 errors, 2 left on base; Chicago (WIN) 0 - Toronto (WIN) 1 |
| TOP OF THE 3RD |
|
Chicago (WIN) White Sox batting - Pitching for Toronto (WIN) Blue Jays : LHP Jack Osborne
|
|
Batting: LHB Dalton Silveira
|
0-0: Ball 1-0: Ground out U3 (Groundball, 34, EV 98.8 MPH)
|
|
Batting: LHB Justin Stickney
|
0-0: Ball 1-0: Foul Ball, location: 2F 1-1: Ball 2-1: Foul Ball, location: 2F 2-2: Fly out, F8 (Flyball, 8RS, EV 91.2 MPH)
|
|
Batting: SHB Ruben Velasco Jr.
|
0-0: Ball 1-0: Fly out, F5 (Line Drive, 5, EV 68.1 MPH)
|
| Top of the 3rd over - 0 runs, 0 hits, 0 errors, 0 left on base; Chicago (WIN) 0 - Toronto (WIN) 1 |
| BOTTOM OF THE 3RD |
|
Toronto (WIN) Blue Jays batting - Pitching for Chicago (WIN) White Sox : LHP Mark Sharrett
|
|
Batting: RHB Bobby Lasaguna
|
0-0: Ball 1-0: Fly out, F9 (Line Drive, 89M, EV 91.2 MPH)
|
|
Batting: RHB Tokuji Kawabata
|
0-0: Ball 1-0: Ball 2-0: Ball 3-0: Base on Balls
|
|
Batting: SHB Dominik Hasek II
|
0-0: Ball 1-0: Ball Tokuji Kawabata is caught stealing 2nd base 2-4 2-0: Foul Ball, location: 2F 2-1: Ball 3-1: Called Strike 3-2: Fly out, F7 (Flyball, 7LSF, EV 89.4 MPH)
|
| Bottom of the 3rd over - 0 runs, 0 hits, 0 errors, 0 left on base; Chicago (WIN) 0 - Toronto (WIN) 1 |
| TOP OF THE 4TH |
|
Chicago (WIN) White Sox batting - Pitching for Toronto (WIN) Blue Jays : LHP Jack Osborne
|
|
Batting: RHB Micah Brown
|
0-0: Ball 1-0: Called Strike 1-1: Ball 2-1: Ball 3-1: Base on Balls
|
|
Batting: LHB Jason Bell
|
0-0: Called Strike 0-1: Called Strike 0-2: Ball 1-2: Ball 2-2: Ball 3-2: Grounds into double play, 4-6-3 (Groundball, 4, EV 86.9 MPH)
|
|
Batting: LHB Matt Hyde
|
0-0: Foul Ball, location: 2F 0-1: Ball 1-1: Ball 2-1: Ground out 6-3 (Groundball, 6, EV 85.0 MPH)
|
| Top of the 4th over - 0 runs, 0 hits, 0 errors, 0 left on base; Chicago (WIN) 0 - Toronto (WIN) 1 |
| BOTTOM OF THE 4TH |
|
Toronto (WIN) Blue Jays batting - Pitching for Chicago (WIN) White Sox : LHP Mark Sharrett
|
|
Batting: RHB Bill Murray
|
0-0: Swinging Strike 0-1: Foul Ball, location: 2F 0-2: Strikes out swinging
|
|
Batting: RHB Kyle Davis
|
0-0: Ball 1-0: Foul Ball, location: 2F 1-1: Swinging Strike 1-2: Foul Ball, location: 2F 1-2: Strikes out swinging
|
|
Batting: LHB Gabe Pace
|
0-0: Ball 1-0: Ball 2-0: Called Strike 2-1: Swinging Strike 2-2: Ball 3-2: Base on Balls
|
|
Batting: RHB Chris Martin
|
0-0: Foul Ball, location: 2F 0-1: Foul Ball, location: 2F 0-2: Ball 1-2: Ball 2-2: Ball 3-2: Fly out, F6 (Popup, 6MD, EV 70.0 MPH)
|
| Bottom of the 4th over - 0 runs, 0 hits, 0 errors, 1 left on base; Chicago (WIN) 0 - Toronto (WIN) 1 |
| TOP OF THE 5TH |
|
Chicago (WIN) White Sox batting - Pitching for Toronto (WIN) Blue Jays : LHP Jack Osborne
|
|
Batting: LHB Adam Tarbutton
|
0-0: Fly out, F4 (Flyball, 34D, EV 85.0 MPH)
|
|
Batting: LHB John Thurman
|
0-0: Ball 1-0: Ball 2-0: Ball 3-0: Called Strike 3-1: Foul Ball, location: 2F 3-2: Base on Balls
|
|
Batting: SHB Matt Childers
|
0-0: Called Strike 0-1: Ball 1-1: Ball 2-1: Swinging Strike 2-2: Ball 3-2: Base on Balls John Thurman to second
|
|
Batting: LHB Dalton Silveira
|
0-0: Foul Ball, location: 2F 0-1: Foul Ball, location: 2F 0-2: Fly out, F7 (Flyball, 7S, EV 88.1 MPH)
|
|
Batting: LHB Justin Stickney
|
0-0: Ball 1-0: Called Strike 1-1: SINGLE (Groundball, 4D, EV 109.4 MPH) John Thurman to third Matt Childers to second Runner from 3rd tries for Home, throw by CF and OUT! 8-2
|
| Top of the 5th over - 0 runs, 1 hit, 0 errors, 2 left on base; Chicago (WIN) 0 - Toronto (WIN) 1 |
| BOTTOM OF THE 5TH |
|
Toronto (WIN) Blue Jays batting - Pitching for Chicago (WIN) White Sox : LHP Mark Sharrett
|
|
Batting: RHB Stephen Casteel
|
0-0: Ball 1-0: Ball 2-0: Ball 3-0: SINGLE (Flyball, 6MD, EV 88.1 MPH)
|
|
Batting: RHB Justin Powell
|
0-0: Fly out, F7 (Flyball, 7, EV 86.2 MPH)
|
|
Batting: RHB Bobby Lasaguna
|
Pickoff Play to 1st, Runner tries for 2nd, OUT after rundown. 0-0: Ball 1-0: Fly out, F9 (Flyball, 9LS, EV 76.9 MPH)
|
| Bottom of the 5th over - 0 runs, 1 hit, 0 errors, 0 left on base; Chicago (WIN) 0 - Toronto (WIN) 1 |
| TOP OF THE 6TH |
|
Chicago (WIN) White Sox batting - Pitching for Toronto (WIN) Blue Jays : LHP Jack Osborne
|
|
Batting: SHB Ruben Velasco Jr.
|
0-0: Foul Ball, location: 2F 0-1: Ball 1-1: Called Strike 1-2: Foul Ball, location: 2F 1-2: Foul Ball, location: 2F 1-2: Foul Ball, location: 2F 1-2: Ball 2-2: Ball 3-2: Strikes out swinging
|
|
Batting: RHB Micah Brown
|
0-0: Called Strike 0-1: Fly out, F8 (Line Drive, 8LM, EV 95.6 MPH)
|
|
Batting: LHB Jason Bell
|
0-0: Ball 1-0: SINGLE (Line Drive, 4D, EV 95.6 MPH)
|
|
Pitching: LHP Bryan Reynolds
|
|
|
Batting: LHB Matt Hyde
|
Pickoff Throw to First - Out! 1-3 CS
|
| Top of the 6th over - 0 runs, 1 hit, 0 errors, 0 left on base; Chicago (WIN) 0 - Toronto (WIN) 1 |
| BOTTOM OF THE 6TH |
|
Toronto (WIN) Blue Jays batting - Pitching for Chicago (WIN) White Sox : LHP Mark Sharrett
|
|
Batting: RHB Tokuji Kawabata
|
0-0: Called Strike 0-1: Called Strike 0-2: Ball 1-2: Ball 2-2: Foul Ball, location: 2F 2-2: Foul Ball, location: 2F 2-2: Foul Ball, location: 2F 2-2: Strikes out swinging
|
|
Batting: SHB Dominik Hasek II
|
0-0: Foul Ball, location: 2F 0-1: Ball 1-1: Ball 2-1: Foul Ball, location: 2F 2-2: Ball 3-2: Base on Balls
|
|
Pitching: RHP Toyotoshi Matsui
|
|
|
Batting: RHB Bill Murray
|
0-0: Ball 1-0: Swinging Strike Passed Ball! Dominik Hasek II to second 1-1: Called Strike 1-2: Ball 2-2: Foul Ball, location: 2F 2-2: Ball 3-2: Ground out 5-3 (Groundball, 56, EV 103.1 MPH)
|
|
Batting: RHB Kyle Davis
|
0-0: Ball 1-0: Ball 2-0: DOUBLE (Line Drive, 9LS, EV 88.1 MPH) Dominik Hasek II scores
|
|
Batting: LHB Gabe Pace
|
0-0: Ball 1-0: Swinging Strike 1-1: Ball 2-1: Called Strike 2-2: Strikes out swinging
|
| Bottom of the 6th over - 1 run, 1 hit, 0 errors, 1 left on base; Chicago (WIN) 0 - Toronto (WIN) 2 |
| TOP OF THE 7TH |
|
Chicago (WIN) White Sox batting - Pitching for Toronto (WIN) Blue Jays : LHP Bryan Reynolds
|
|
Now at C: Bobby Lasaguna
|
|
|
Now at 1B: Rodrigo Briceno
|
|
|
Now in RF: Kurt Estep
|
|
|
Batting: LHB Matt Hyde
|
0-0: Called Strike 0-1: Foul Ball, location: 2F 0-2: Ball 1-2: Ball 2-2: Strikes out swinging
|
|
Pinch Hitting: RHB Vic Lucatero
|
0-0: Foul Ball, location: 2F 0-1: Ball 1-1: Foul Ball, location: 2F 1-2: Ground out 4-3 (Groundball, 4, EV 90.0 MPH)
|
|
Pinch Hitting: RHB Danny Longoria
|
0-0: Called Strike 0-1: Swinging Strike 0-2: Strikes out swinging
|
| Top of the 7th over - 0 runs, 0 hits, 0 errors, 0 left on base; Chicago (WIN) 0 - Toronto (WIN) 2 |
| BOTTOM OF THE 7TH |
|
Toronto (WIN) Blue Jays batting - Pitching for Chicago (WIN) White Sox : RHP Toyotoshi Matsui
|
|
Now in LF: Edgar Castillo
|
|
|
Now in CF: Ruben Velasco Jr.
|
|
|
Now in RF: Vic Lucatero
|
|
|
Batting: RHB Chris Martin
|
0-0: Ball 1-0: Ball 2-0: Ground out 6-3 (Groundball, 6, EV 106.9 MPH)
|
|
Batting: RHB Stephen Casteel
|
0-0: Called Strike 0-1: Called Strike 0-2: Ball 1-2: Ball 2-2: Ground out 6-3 (Groundball, 6MD, EV 79.4 MPH)
|
|
Batting: RHB Justin Powell
|
0-0: Ball 1-0: Called Strike 1-1: Ball 2-1: Called Strike 2-2: Foul Ball, location: 2F 2-2: Ground out U3 (Groundball, 34, EV 100.0 MPH)
|
| Bottom of the 7th over - 0 runs, 0 hits, 0 errors, 0 left on base; Chicago (WIN) 0 - Toronto (WIN) 2 |
| TOP OF THE 8TH |
|
Chicago (WIN) White Sox batting - Pitching for Toronto (WIN) Blue Jays : LHP Bryan Reynolds
|
|
Pitching: LHP Mario Amore
|
|
|
Now at 2B: Stephen Casteel
|
|
|
Now at SS: Luis Reyes
|
|
|
Batting: SHB Matt Childers
|
0-0: Ball 1-0: Ball 2-0: Foul Ball, location: 2F 2-1: SINGLE (Line Drive, 8RS, EV 108.1 MPH)
|
|
Pinch Hitting: RHB Ron Johansen
|
0-0: Called Strike 0-1: Fly out, F7 (Flyball, 7, EV 90.0 MPH)
|
|
Batting: LHB Justin Stickney
|
0-0: Ball Passed Ball! Matt Childers to second 1-0: Ball 2-0: Ball 3-0: Called Strike 3-1: Called Strike 3-2: Strikes out looking
|
|
Batting: SHB Ruben Velasco Jr.
|
0-0: Called Strike 0-1: Ball 1-1: Foul Ball, location: 2F 1-2: Strikes out swinging
|
| Top of the 8th over - 0 runs, 1 hit, 0 errors, 1 left on base; Chicago (WIN) 0 - Toronto (WIN) 2 |
| BOTTOM OF THE 8TH |
|
Toronto (WIN) Blue Jays batting - Pitching for Chicago (WIN) White Sox : RHP Toyotoshi Matsui
|
|
Now at 2B: Ron Johansen
|
|
|
Batting: RHB Bobby Lasaguna
|
0-0: Foul Ball, location: 2F 0-1: Ball 1-1: Called Strike 1-2: Strikes out swinging
|
|
Batting: RHB Tokuji Kawabata
|
0-0: Ball 1-0: Foul Ball, location: 2F 1-1: Ball 2-1: Ball 3-1: Called Strike 3-2: Foul Ball, location: 2F 3-2: Foul Ball, location: 2F 3-2: Foul Ball, location: 2F 3-2: Fly out, F9 (Line Drive, 89S, EV 98.1 MPH)
|
|
Batting: SHB Dominik Hasek II
|
0-0: Ball 1-0: Ball 2-0: Swinging Strike 2-1: Called Strike 2-2: Ball 3-2: Base on Balls
|
|
Pitching: RHP Nate Myers
|
|
|
Batting: LHB Rodrigo Briceno
|
0-0: Swinging Strike 0-1: Swinging Strike 0-2: Ball 1-2: Ball 2-2: Ball Dominik Hasek II is caught stealing 2nd base 2-6
|
| Bottom of the 8th over - 0 runs, 0 hits, 0 errors, 0 left on base; Chicago (WIN) 0 - Toronto (WIN) 2 |
| TOP OF THE 9TH |
|
Chicago (WIN) White Sox batting - Pitching for Toronto (WIN) Blue Jays : LHP Mario Amore
|
|
Pitching: RHP Andres Lozano
|
|
|
Batting: RHB Micah Brown
|
0-0: Ball 1-0: Foul Ball, location: 2F 1-1: Hit by Pitch
|
|
Batting: LHB Jason Bell
|
0-0: Called Strike 0-1: Swinging Strike 0-2: Foul Ball, location: 2F 0-2: Ball 1-2: Ball 2-2: Strikes out looking
|
|
Batting: LHB Matt Hyde
|
0-0: Called Strike 0-1: Swinging Strike 0-2: Foul Ball, location: 2F 0-2: Strikes out swinging
|
|
Pinch Hitting: LHB Joe Kirkland
|
0-0: Swinging Strike 0-1: Ball 1-1: Foul Ball, location: 2F 1-2: Foul Ball, location: 2F 1-2: Ball 2-2: Foul Ball, location: 2F 2-2: Fly out, F8 (Flyball, 8LM, EV 82.5 MPH)
|
| Top of the 9th over - 0 runs, 0 hits, 0 errors, 1 left on base; Chicago (WIN) 0 - Toronto (WIN) 2 |
|